 Dungeon Crawl Stone Soup version 0.20.1-1-g8b1a95d (webtiles) character file.

45197 Gargoyl the Tortoise (level 14, -7/125 HPs)
             Began as a Minotaur Abyssal Knight on Aug 25, 2017.
             Was a High Priest of Lugonu.
             Mangled by an enormous slime creature (50 damage)
             ... on level 6 of the Lair of Beasts.
             The game lasted 00:34:17 (17677 turns).

Gargoyl the Tortoise (Minotaur Abyssal Knight)     Turns: 17677, Time: 00:34:17

Health: -7/125     AC: 31    Str: 19    XL:     14   Next: 0%
Magic:  19/19      EV:  9    Int:  9    God:    Lugonu [*****.]
Gold:   649        SH:  7    Dex: 17    Spells: 13/13 levels left

rFire    + + .     SeeInvis +   d - +9 spear "Ronull" {speed, MR+}
rCold    . . .     Gourm    .   D - +1 buckler
rNeg     + . .     Faith    .   s - +7 plate armour of Dogmatism {rF+}
rPois    +         Spirit   .   G - +2 hat {SInv}
rElec    +         Reflect  .   R - +1 cloak
rCorr    .         Harm     .   f - +0 pair of gloves
MR       ++...                  (no boots)
Stlth    ..........             (no amulet)
Regen    0.3/turn               b - ring of poison resistance
MPRegen  0.2/turn               S - ring of Hisin {rElec rF+ rN+ Dex+4}

@: no status effects
A: retaliatory headbutt, horns 2, talons 1, low mp 1
a: Depart the Abyss, Bend Space, Banish, Corrupt, Enter the Abyss, Renounce
Religion


You were on level 6 of the Lair of Beasts.
You worshipped Lugonu.
Lugonu was extremely pleased with you.
You were not hungry.

You visited 2 branches of the dungeon, and saw 14 of its levels.
You visited the Abyss 1 time.
You also visited: Labyrinth and Sewer.

You collected 779 gold pieces.
You spent 130 gold pieces at shops.

Inventory:

Hand Weapons
 d - the +9 spear "Ronull" (weapon) {speed, MR+}
   (You found it on level 2 of the Abyss)

   Attacks with this weapon are significantly faster.
   It affects your resistance to hostile enchantments.
 t - a +2 war axe
 Q - a +0 broad axe
Missiles
 x - 5 javelins (quivered)
Armour
 f - a +0 pair of gloves (worn)
 s - the +7 plate armour of Dogmatism (worn) {rF+}
   (You found it on level 6 of the Lair of Beasts)

   It protects you from fire.
 D - a +1 buckler (worn)
 G - a +2 hat of see invisible (worn)
 R - a +1 cloak (worn)
Jewellery
 b - a ring of poison resistance (left hand)
 S - the ring of Hisin (right hand) {rElec rF+ rN+ Dex+4}
   (You found it on level 3 of the Lair of Beasts)

   [ring of dexterity]

   It affects your dexterity (+4).
   It protects you from fire.
   It insulates you from electricity.
   It protects you from negative energy.
Wands
 e - a wand of paralysis (3/24)
 y - a wand of digging (16/24)
 F - a wand of polymorph (12/24)
 H - a wand of digging (20/24)
 J - a wand of acid (10/15)
 L - a wand of paralysis (14/24)
 N - a wand of iceblast (4/15)
Scrolls
 q - 4 scrolls of remove curse
 z - a scroll of identify
 E - 2 scrolls of fear
 I - 2 scrolls of recharging
Potions
 g - 2 potions of haste
 h - a potion of heal wounds
 j - 2 potions of brilliance
 l - a potion of ambrosia
 n - 2 potions of lignification
 o - 3 potions of flight
 r - 10 potions of curing
 w - 4 potions of cancellation {unknown}
 B - a potion of invisibility
 K - a potion of berserk rage
 M - a potion of might {unknown}
Books
 m - a book of Changes

   Spells                             Type                      Level
   a - Beastly Appendage              Transmutation                1
   b - Sticks to Snakes               Transmutation                2
   c - Spider Form                    Transmutation/Poison         3
   d - Ice Form                       Ice/Transmutation            4
   e - Blade Hands                    Transmutation                5
 u - a book of Maledictions

   Spells                             Type                      Level
   a - Corona                         Hexes                        1
   b - Ensorcelled Hibernation        Hexes/Ice                    2
   c - Confuse                        Hexes                        3
   d - Tukima's Dance                 Hexes                        3
   e - Dazzling Spray                 Conjuration/Hexes            3
 v - a book of Geomancy

   Spells                             Type                      Level
   a - Sandblast                      Earth                        1
   b - Passwall                       Transmutation/Earth          2
   c - Stone Arrow                    Conjuration/Earth            3
   d - Petrify                        Transmutation/Earth          4
   e - Lee's Rapid Deconstruction     Earth                        5
 O - a book of the Warp

   Spells                             Type                      Level
   a - Gell's Gravitas                Translocation                3
   b - Portal Projectile              Hexes/Translocation          3
   c - Force Lance                    Conjuration/Translocation    4
   d - Dispersal                      Translocation                6
   e - Controlled Blink               Translocation                8
   f - Disjunction                    Translocation                8
 P - Sif Muna's Volume of Feathers
   (You found it in a labyrinth)

   Spells                             Type                      Level
   a - Shock                          Conjuration/Air              1
   b - Poisonous Vapours              Poison/Air                   2
   c - Static Discharge               Conjuration/Air              3
   d - Deflect Missiles               Charms/Air                   6
   e - Conjure Ball Lightning         Conjuration/Air              6
 U - a book of Battle

   Spells                             Type                      Level
   a - Infusion                       Charms                       1
   b - Shroud of Golubria             Charms/Translocation         2
   c - Song of Slaying                Charms                       2
   d - Spectral Weapon                Hexes/Charms                 3
   e - Regeneration                   Charms/Necromancy            3
Miscellaneous
 a - a lightning rod (4/4)
Comestibles
 c - 5 bread rations
 i - 5 meat rations
 k - 2 royal jellies
 p - 8 fruits
 A - 2 chunks of flesh


   Skills:
 + Level 11.6 Fighting
 + Level 2.8(9.4) Axes
 + Level 13.5(13.6) Polearms
 + Level 1.7 Throwing
 * Level 16.7 Armour
 + Level 3.4 Dodging
 + Level 6.3 Shields
 * Level 11.2 Invocations


You had 13 spell levels left.
You didn't know any spells.

Dungeon Overview and Level Annotations

Branches:
Dungeon (8/15)             Temple (0/1) D:5            Lair (6/6) D:8
 Shoals (0/4) Lair:4        Snake (0/4) Lair:3        Slime (0/5) Lair:5

Altars:
Cheibriados
Dithmenos
Elyvilon
Kikubaaqudgha
Ru
Uskayaw

Shops:
D:8 !

Annotations:
Lair:5 exclusion: 2 oklob plants


Innate Abilities, Weirdness & Mutations

You reflexively headbutt those who attack you in melee.
You have a pair of horns on your head.
You have sharp toenails.
Your magical capacity is low. (-10% MP)


Message History

You feel much better.
The enormous slime creature hits you but does no damage.
You feel much better. The enormous slime creature hits you!!!
* * * LOW HITPOINT WARNING * * *
You hear a croak.
You feel much better. The enormous slime creature hits you!!
* * * LOW HITPOINT WARNING * * *
You feel much better.
The enormous slime creature hits you but does no damage.
Your hands tingle!
d - the +9 spear "Ronull" (weapon)
{speed, MR+} The enormous slime creature completely misses you.
You hit the enormous slime creature.
You claw the enormous slime creature, but do no damage.
You headbutt the enormous slime creature!
The enormous slime creature is moderately wounded.
You hit the enormous slime creature.
The enormous slime creature is moderately wounded.
The enormous slime creature hits you!!!
You die...

.##
#..###...#....##......#..#≈
..#
#..##...####.#.##........#.
############.##
######........#.
...........###
###......##.##.
###########.##
#.........###.. # ##.#
####.......#.##.. #.##
#.#.P.......##≈≈≈ ##
###≈###.####†...%....(##..≈
w≈
._.≈≈≈....@JD##...........≈
#≈########.#####..#.((.#.≈..≈
#≈≈≈≈≈...## ##.##........≈
########## ####...(....≈
##.....≈≈≈ #......≈≈
#P..#.≈≈≈ #...#..≈# ##....=≈≈


You could see a five-headed hydra and an enormous slime creature.

Vanquished Creatures
  An acid blob (Lair:5)
  An azure jelly (Lair:6)
  2 great orbs of eyes (Lair:6)
  A minotaur (Lab)
  A death ooze (Lair:6)
  4 hydras
  The ghost of regularjogger the Cruncher, a novice TeFE of Vehumet (D:8)
  The ghost of letownia the Martial Artist, a novice OpTm of Gozag (D:7)
  9 elephants
  4 black mambas
  2 molten gargoyles (Lair:5)
  3 torpor snails (Lair:6)
  21 spiny frogs
  4 rime drakes
  7 komodo dragons
  9 polar bears
  16 blink frogs
  10 hippogriffs
  6 dream sheep (Lair:6)
  A wyvern (Lair:5)
  5 basilisks
  17 yaks
  6 vampire mosquitoes (Lair:6)
  11 water moccasins
  5 nagas (Lair:3)
  12 porcupines
  4 black bears
  3 ice beasts
  An orc warrior (D:8)
  5 phantoms
  2 ogres (D:5)
  11 crocodiles
  3 centaurs
  A big kobold (Sewer)
  19 bullfrogs
  A wyvern skeleton (D:8)
  A scorpion (D:8)
  An electric eel (Lair:3)
  3 howler monkeys
  13 jellies
  5 crimson imps
  5 lava snakes (Lair:5)
  A quasit (Abyss:2)
  3 hounds
  A centaur skeleton (D:8)
  7 orc priests
  5 orc wizards
  2 iguanas
  Natasha (thrice) (D:4)
  4 worker ants
  A killer bee zombie (D:6)
  2 hound skeletons
  A howler monkey skeleton (D:5)
  A worker ant zombie (D:8)
  4 adders
  2 river rats
  3 shadow imps
  15 oozes
  An adder skeleton (D:4)
  An adder zombie (D:5)
  2 worms
  2 dart slugs
  7 leopard geckos
  20 orcs
  A ball python (D:4)
  8 bats
  4 giant cockroaches
  5 goblins
  8 hobgoblins
  13 jackals
  13 kobolds
  4 quokkas
  7 frilled lizards
  A leopard gecko zombie (D:5)
  2 quokka zombies
  16 rats
408 creatures vanquished.

Vanquished Creatures (others)
  A hydra (Lair:4)
  An oklob plant (Lair:4)
  A leopard gecko (D:7)
  A quokka (D:7)
  4 bushes (Lair:6)
  62 fungi
  95 plants
165 creatures vanquished.

Grand Total: 573 creatures vanquished

Notes
Turn   | Place    | Note
-------+----------+-------------------------------------------
     0 | Abyss:1  | Gargoyl the Minotaur Abyssal Knight began the quest for the Orb.
     0 | Abyss:1  | Reached XP level 1. HP: 19/19 MP: 1/1
    43 | Abyss:2  | Noticed a quasit
    56 | Abyss:2  | Killed a quasit
    56 | Abyss:2  | Reached XP level 2. HP: 11/28 MP: 2/2
    56 | Abyss:2  | Reached XP level 3. HP: 13/34 MP: 3/3
    61 | Abyss:2  | Noticed a small abomination
    62 | Abyss:2  | Noticed a rakshasa
    69 | Abyss:2  | Got a bloodstained spear
    70 | D:1      | Escaped the Abyss
    71 | D:1      | Identified the +9 spear "Ronull" {speed, MR+} (You found it on level 2 of the Abyss)
   311 | D:1      | Reached skill level 3 in Armour
   702 | D:1      | Reached * piety under Lugonu
   917 | D:2      | Reached skill level 1 in Polearms
   917 | D:2      | Reached XP level 4. HP: 38/41 MP: 4/4
  1466 | D:3      | Found an ancient bone altar of Kikubaaqudgha.
  1502 | D:3      | Found a white marble altar of Elyvilon.
  1549 | D:3      | Noticed a dagger
  1549 | D:3      | Noticed a hand axe
  1599 | D:3      | Found a hide-covered altar of Uskayaw.
  1646 | D:3      | Reached ** piety under Lugonu
  1660 | D:3      | Found a sacrificial altar of Ru.
  1752 | D:3      | Reached skill level 4 in Armour
  1752 | D:3      | Reached XP level 5. HP: 47/47 MP: 5/5
  2111 | D:4      | Noticed a phantom
  2122 | D:4      | Killed a phantom
  2122 | D:4      | Reached skill level 5 in Armour
  2122 | D:4      | Reached XP level 6. HP: 50/53 MP: 7/7
  2386 | D:4      | Noticed Natasha
  2392 | D:4      | Killed Natasha
  2402 | D:4      | Noticed Natasha
  2411 | D:4      | Killed Natasha
  2556 | D:4      | Noticed Natasha
  2562 | D:4      | Killed Natasha
  2656 | D:4      | Reached skill level 5 in Fighting
  2833 | D:5      | Entered Level 5 of the Dungeon
  3008 | D:5      | Found a staircase to the Ecumenical Temple.
  3025 | D:5      | Reached XP level 7. HP: 61/61 MP: 8/8
  3041 | D:5      | Reached skill level 6 in Armour
  3476 | D:5      | Reached skill level 5 in Polearms
  3573 | D:5      | Found a snail-covered altar of Cheibriados.
  4102 | D:6      | Reached skill level 7 in Armour
  4102 | D:6      | Reached XP level 8. HP: 67/69 MP: 10/10
  4134 | D:6      | Reached *** piety under Lugonu
  4433 | D:6      | Reached skill level 8 in Armour
  4724 | D:6      | Found a glowing drain.
  4733 | Sewer    | Entered a sewer
  4845 | Sewer    | Found a white marble altar of Elyvilon.
  5128 | D:7      | Reached skill level 5 in Invocations
  5128 | D:7      | Reached XP level 9. HP: 59/75 MP: 11/11
  5152 | D:7      | Noticed letownia's ghost (novice OpTm)
  5169 | D:7      | Killed letownia's ghost
  5169 | D:7      | Reached skill level 9 in Armour
  5380 | D:7      | Reached **** piety under Lugonu
  5512 | D:7      | Found a shadowy altar of Dithmenos.
  5935 | D:8      | Noticed regularjogger's ghost (novice TeFE)
  5969 | D:8      | Killed regularjogger's ghost
  5969 | D:8      | Reached skill level 10 in Armour
  6137 | D:8      | Found a snail-covered altar of Cheibriados.
  6190 | D:8      | Reached XP level 10. HP: 54/86 MP: 13/13
  6257 | D:8      | Reached skill level 11 in Armour
  6258 | D:8      | Reached skill level 1 in Throwing
  6560 | D:8      | Found a staircase to the Lair.
  6568 | D:8      | Reached skill level 1 in Shields
  6665 | D:8      | Found Bisoc's Distillery.
  6673 | D:8      | Bought a potion of heal wounds for 65 gold pieces
  6673 | D:8      | Bought a potion of heal wounds for 65 gold pieces
  6983 | D:8      | Reached skill level 10 in Polearms
  7238 | Lair:1   | Entered Level 1 of the Lair of Beasts
  7240 | Lair:1   | Identified a scroll of acquirement
  7248 | Lair:1   | Found a labyrinth entrance.
  7256 | Lab      | Entered a labyrinth
  7537 | Lab      | Noticed a minotaur
  7553 | Lab      | Killed a minotaur
  7555 | Lab      | Got a pitted sapphire amulet
  7563 | Lab      | Identified Sif Muna's Volume of Feathers
  7666 | Lair:1   | Identified the amulet of Lejifeoh {Faith Fragile rElec rPois Dex+4} (You took it off a minotaur in a labyrinth)
  7963 | Lair:1   | Noticed a black mamba
  7973 | Lair:1   | Killed a black mamba
  8021 | Lair:1   | Reached skill level 12 in Armour
  8052 | Lair:1   | Noticed a spiny frog
  8062 | Lair:1   | Killed a spiny frog
  8072 | Lair:1   | Reached XP level 11. HP: 56/94 MP: 15/15
 10066 | Lair:3   | Noticed a seven-headed hydra
 10078 | Lair:3   | Killed a seven-headed hydra
 10193 | Lair:3   | Got a steaming lead ring
 10208 | Lair:3   | Identified the ring of Hisin {rElec rF+ rN+ Dex+4} (You found it on level 3 of the Lair of Beasts)
 10242 | Lair:3   | Found a staircase to the Snake Pit.
 10264 | Lair:3   | Reached skill level 13 in Armour
 11278 | Lair:4   | Reached ***** piety under Lugonu
 11477 | Lair:4   | Found a staircase to the Shoals.
 11694 | Lair:4   | Noticed a seven-headed hydra
 11707 | Lair:4   | Banished a seven-headed hydra
 11707 | Lair:4   | Reached XP level 12. HP: 17/104 MP: 12/17
 12514 | Lair:4   | Reached skill level 14 in Armour
 13841 | Lair:5   | Gained mutation: Your magical capacity is low. (-10% MP) [potion of mutation]
 13841 | Lair:5   | Gained mutation: You have sharp toenails. [potion of mutation]
 14027 | Lair:5   | Found a staircase to the Slime Pits.
 14246 | Lair:5   | Reached skill level 10 in Fighting
 14482 | Lair:5   | Reached skill level 15 in Armour
 14710 | Lair:5   | Reached skill level 5 in Shields
 15067 | Lair:6   | Entered Level 6 of the Lair of Beasts
 15282 | Lair:6   | Noticed an acid blob
 15307 | Lair:6   | Noticed a five-headed hydra
 15307 | Lair:6   | Noticed a seven-headed hydra
 15454 | Lair:6   | Found a snail-covered altar of Cheibriados.
 15474 | Lair:6   | Reached XP level 13. HP: 29/114 MP: 17/17
 16075 | Lair:6   | Reached skill level 10 in Invocations
 16152 | Lair:6   | Reached skill level 16 in Armour
 16505 | Lair:6   | Noticed a death ooze
 16516 | Lair:6   | Killed a death ooze
 17023 | Lair:5   | Killed an acid blob
 17286 | Lair:6   | Got a brightly glowing plate armour
 17317 | Lair:5   | Identified the +7 plate armour of Dogmatism {rF+} (You found it on level 6 of the Lair of Beasts)
 17460 | Lair:6   | Noticed an azure jelly
 17485 | Lair:6   | Killed an azure jelly
 17662 | Lair:6   | Reached XP level 14. HP: 63/125 MP: 19/19
 17677 | Lair:6   | Mangled by an enormous slime creature

Skill      XL: |  1  2  3  4  5  6  7  8  9 10 11 12 13 |
---------------+----------------------------------------+-----
Fighting       | 4 5 6 7 9 10 11 | 11.6
Invocations    | 2 3 4 5 6 7 8 9 11 | 11.2
Armour         | 3 4 5 7 8 10 12 13 15 16 | 16.7
Polearms       | 1 2 4 5 7 9 11 12 13 | 13.5
Dodging        | 2 3 |  3.4
Throwing       | 1 |  1.7
Shields        | 2 3 5 6 |  6.3
Axes           | |  2.8

Action                   |  1- 3 |  4- 6 |  7- 9 | 10-12 | 13-15 || total
-------------------------+-------+-------+-------+-------+-------++-------
Melee: Hand axe          |    11 |       |       |       |       ||    11
       Headbutt          |     4 |    14 |    56 |   254 |    92 ||   420
       Spear             |    48 |   114 |   273 |   953 |   363 ||  1751
       Kick              |       |       |       |    96 |   156 ||   252
       Broad axe         |       |       |       |       |     3 ||     3
Throw: Javelin           |       |       |     2 |     3 |    19 ||    24
Invok: Depart the Abyss  |     1 |       |       |       |       ||     1
       Banish            |       |       |       |     4 |     5 ||     9
       Bend Space        |       |       |       |     1 |       ||     1
  Use: Scroll            |     6 |     3 |     3 |    21 |     1 ||    34
       Potion            |       |       |       |     3 |     9 ||    12
  Eat: Chunk             |       |     6 |    11 |    16 |     9 ||    42
       Bread ration      |       |       |       |     3 |       ||     3
Armor: Leather armour    |    17 |       |       |       |       ||    17
       Ring mail         |    16 |    30 |       |       |       ||    46
       Chain mail        |       |    15 |    46 |       |       ||    61
       Plate armour      |       |       |    79 |   335 |   131 ||   545
Dodge: Dodged            |    55 |    66 |    75 |   173 |    82 ||   451
Block: Buckler           |       |       |     2 |   116 |    62 ||   180
